 Dungeon Crawl Stone Soup version 0.26-a0-663-g36e8fdb655 (webtiles) character file.

Game seed: 1436568819065940039

8918 reriks the Blocker (level 11, -12/100 HPs)
             Began as a Deep Dwarf Fighter on Oct 12, 2020.
             Was an Elder of Makhleb.
             Mangled by a swamp dragon simulacrum (13 damage)
             ... in an ice cave.
             The game lasted 00:07:55 (7448 turns).

reriks the Blocker (Deep Dwarf Fighter)             Turns: 7448, Time: 00:07:56

Health: -12/100    AC: 11    Str: 23    XL:     11   Next: 16%
Magic:  8/8        EV: 13    Int:  9    God:    Makhleb [****..]
Gold:   441        SH: 21    Dex: 18    Spells: 10/10 levels left

rFire    . . .     SeeInvis +   a - +1 war axe (freeze)
rCold    . . .     Faith    .   k - +2 tower shield
rNeg     . . .     Spirit   .   b - +0 scale mail
rPois    .         Reflect  .   (no helmet)
rElec    .         Harm     .   l - +0 cloak
rCorr    .         Rampage  .   n - +0 pair of gloves
MR       +....                  (no boots)
Stlth    ..........             (no amulet)
HPRegen  0.00/turn              v - ring of Ujae {+Inv Dex+6}
MPRegen  0.11/turn              p - ring of see invisible

@: non-regenerating
A: damage resistance, heal wounds, sense surroundings 2, no regeneration
a: Heal Wounds, Minor Destruction, Lesser Servant of Makhleb, Major Destruction,
Renounce Religion, Evoke Invisibility


You were in an ice cave.
You worshipped Makhleb.
Makhleb was greatly pleased with you.
You visited 1 branch of the dungeon, and saw 11 of its levels.
You also visited: Ice Cave.

You collected 579 gold pieces.
You spent 138 gold pieces at shops.

Inventory:

Hand Weapons
 a - a +1 war axe of freezing (weapon)
 I - the +4 glaive "Oxtej" {chaos, Str+2, unknown}
   (You found it on level 8 of the Dungeon)

   Each time it hits an enemy it has a different, random effect.
   It affects your strength (+2).
Armour
 b - a +0 scale mail (worn)
 c - a +0 kite shield
 k - a +2 tower shield (worn)
 l - a +0 cloak (worn)
 n - a +0 pair of gloves (worn)
Jewellery
 h - an uncursed ring of flight
 p - a ring of see invisible (right hand)
 v - the ring of Ujae (left hand) {+Inv Dex+6}
   (You found it on level 4 of the Dungeon)

   [ring of dexterity]

   It affects your dexterity (+6).
   It lets you turn invisible.
 J - an uncursed ring of protection from fire
Wands
 o - a wand of digging (6)
 r - a wand of polymorph (16)
 D - a wand of iceblast (16)
 E - a wand of random effects (24)
Scrolls
 g - 6 scrolls of teleportation
 u - 3 scrolls of amnesia
 x - a scroll of magic mapping
 y - 2 scrolls of brand weapon
 A - a scroll of fog
 C - 4 scrolls of identify
 F - a scroll of remove curse
 G - a scroll of enchant weapon
 H - a scroll of summoning {unknown}
 K - a scroll of torment {unknown}
Potions
 d - 3 potions of might
 e - 3 potions of heal wounds
 f - 2 potions of lignification
 i - 3 potions of curing
 j - 3 potions of ambrosia
 m - a potion of stabbing
 q - a potion of flight
 s - 5 potions of resistance
 t - a potion of haste
 w - 3 potions of degeneration
 z - a potion of berserk rage
 B - 3 potions of invisibility


   Skills:
 + Level 7.1 Fighting
 + Level 8.1 Axes
 + Level 8.6 Armour
 + Level 7.5 Dodging
 * Level 11.4 Shields


You had 10 spell levels left.
You didn't know any spells.
Your spell library contained the following spells:

 Spells                   Type           Power        Failure   Level
 Animate Skeleton         Necr           #.....       99%         1
 Beastly Appendage        Tmut           #.....       99%         1
 Foxfire                  Conj/Fire      #...         99%         1
 Pain                     Necr           #...         99%         1
 Wereblood                Tmut           #.......     100%        2
 Conjure Flame            Conj/Fire      #.......     100%        3
 Inner Flame              Hex/Fire       #.......     100%        3
 Spider Form              Tmut/Pois      #.........   100%        3
 Vampiric Draining        Necr           #.........   100%        3
 Animate Dead             Necr           #.........   100%        4
 Ice Form                 Ice/Tmut       #.......     100%        4
 Sticky Flame             Conj/Fire      #.......     100%        4
 Agony                    Necr           #.......     100%        5
 Blade Hands              Tmut           #.........   100%        5
 Fireball                 Conj/Fire      #.........   100%        5


Dungeon Overview and Level Annotations

Branches:
Dungeon (11/15)            Temple (0/1) D:7             Orc (0/2) D:10
  IceCv (1/1)
   Lair: D:8-11

Altars:
Cheibriados
Dithmenos
Fedhas
Hepliaklqana
Makhleb
Okawaru
Qazlal
Trog
Wu Jian
Xom
Zin
The Shining One

Shops:
D:5 ?

Annotations:
D:7 2 transporters, felt's ghost, novice GnWn
D:9 2 transporters, dinky's ghost, novice VSVM


Innate Abilities, Weirdness & Mutations

You are resistant to damage.
You can heal yourself by infusing magical energy.
You passively map the area around you.
You do not regenerate.


Message History

You block the wolf spider simulacrum's attack.
You are too injured to fight recklessly!
You are too injured to fight recklessly!
You are too injured to fight recklessly!
You are too injured to fight recklessly!
You are too injured to fight recklessly!
You are too injured to fight recklessly!
You are too injured to fight recklessly!
You feel much better. The wolf spider simulacrum hits you!
The wolf spider simulacrum freezes you!!
* * * LOW HITPOINT WARNING * * *
You block the wolf spider simulacrum's attack.
The swamp dragon simulacrum bites you!
* * * LOW HITPOINT WARNING * * *
The swamp dragon simulacrum freezes you!!
* * * LOW HITPOINT WARNING * * *
The swamp dragon simulacrum claws you.
* * * LOW HITPOINT WARNING * * *
The swamp dragon simulacrum freezes you!
You die...

, ≈ * ,,*
* * .##≈ *
#.. ≈ *,,*
, ##... *
##... ≈ *
, #...# *≈
* , ,
*...## ≈≈
≈ , #ZZ.#
≈ **
##@..##* ≈
*
##.....##
#...∩...#*
≈ *
#.......#
≈ * *
##..∩..##
**,
##...##
##### ≈* *
≈≈ **


You could see a swamp dragon simulacrum and a wolf spider simulacrum.

Vanquished Creatures
  2 two-headed ogres (D:9)
  Pikel (D:5)
  2 trolls
  A hornet (D:11)
  Grinder (D:5)
  10 yaks
  Eustachio (D:5)
  3 wargs (D:10)
  3 water moccasins
  A floating eye (D:9)
  A black bear (D:9)
  2 orc warriors
  2 ice beasts (D:9)
  5 sky beasts
  An eye of draining (D:10)
  3 necrophages
  A phantom (D:6)
  3 ogres
  5 centaurs
  6 bullfrogs
  2 scorpions
  A howler monkey (D:9)
  4 wights
  2 bullfrog zombies
  10 hounds
  A quasit (D:10)
  3 jellies
  3 orc priests
  3 orc wizards
  9 worker ants
  A polar bear simulacrum (IceCv)
  A wolf simulacrum (IceCv)
  A worker ant zombie (D:10)
  12 adders
  A shadow imp (D:5)
  17 white imps
  4 ufetubi
  2 oozes
  An adder skeleton (D:6)
  3 adder zombies
  3 dart slugs
  3 worms
  7 leopard geckos
  33 orcs
  A ball python (D:2)
  10 bats
  7 giant cockroaches
  8 goblins
  6 hobgoblins
  10 jackals
  10 kobolds
  6 quokkas
  7 frilled lizards
  A jackal zombie (D:6)
  A leopard gecko skeleton (D:6)
  12 rats
260 creatures vanquished.

Notes
Turn   | Place    | Note
-------+----------+-------------------------------------------
     0 | D:1      | reriks the Deep Dwarf Fighter began the quest for the Orb.
     0 | D:1      | Reached XP level 1. HP: 20/20 MP: 1/1
   195 | D:1      | Reached XP level 2. HP: 27/27 MP: 2/2
   614 | D:1      | Reached XP level 3. HP: 31/34 MP: 3/3
  1055 | D:2      | Reached skill level 4 in Shields
  1055 | D:2      | Reached XP level 4. HP: 35/42 MP: 4/4
  1340 | D:2      | Reached skill level 1 in Dodging
  1570 | D:3      | Reached XP level 5. HP: 49/49 MP: 5/5
  2056 | D:4      | Reached skill level 5 in Shields
  2056 | D:4      | Reached XP level 6. HP: 44/56 MP: 5/5
  2270 | D:4      | Reached XP level 7. HP: 48/63 MP: 6/6
  2743 | D:4      | Got a transparent turquoise ring
  2831 | D:4      | Found a burning altar of Makhleb.
  2837 | D:4      | Found a glowing golden altar of the Shining One.
  2838 | D:4      | Found an iron altar of Okawaru.
  2851 | D:4      | Became a worshipper of Makhleb the Destroyer
  2877 | D:5      | Entered Level 5 of the Dungeon
  2935 | D:5      | Noticed Grinder
  2943 | D:5      | Killed Grinder
  2943 | D:5      | Reached skill level 5 in Armour
  2943 | D:5      | Reached skill level 6 in Shields
  3079 | D:5      | Noticed Pikel
  3080 | D:5      | Found Mevaf's Magic Scroll Shoppe.
  3115 | D:5      | Killed Pikel
  3115 | D:5      | Reached skill level 7 in Shields
  3115 | D:5      | Reached XP level 8. HP: 46/73 MP: 6/6
  3128 | D:5      | Bought a scroll of enchant armour for 90 gold pieces
  3128 | D:5      | Bought a scroll of identify for 24 gold pieces
  3128 | D:5      | Bought a scroll of identify for 24 gold pieces
  3135 | D:5      | Identified the ring of Ujae {+Inv Dex+6} (You found it on
                  | level 4 of the Dungeon)
  3178 | D:5      | Reached skill level 5 in Axes
  3328 | D:5      | Found an iron altar of Okawaru.
  3347 | D:5      | Found a snail-covered altar of Cheibriados.
  3352 | D:5      | Noticed Eustachio
  3384 | D:5      | Killed Eustachio
  3421 | D:5      | Found a bloodstained altar of Trog.
  3599 | D:5      | Found a blossoming altar of Fedhas.
  3761 | D:6      | Reached skill level 5 in Fighting
  3828 | D:6      | Reached * piety under Makhleb
  3871 | D:6      | Reached skill level 8 in Shields
  3910 | D:6      | Gained mutation: You passively map the area around you.
                  | [Deep Dwarf growth]
  3910 | D:6      | Reached XP level 9. HP: 70/81 MP: 7/7
  4246 | D:6      | Reached skill level 5 in Dodging
  4557 | D:7      | Found a staircase to the Ecumenical Temple.
  4620 | D:7      | Found a transporter.
  4622 | D:7      | Noticed a two-headed ogre
  4630 | D:7      | Found a bloodstained altar of Trog.
  4630 | D:7      | Noticed a moth of wrath
  4630 | D:7      | Noticed felt's ghost (novice GnWn)
  4659 | D:7      | Found a transporter.
  4830 | D:8      | Reached ** piety under Makhleb
  4873 | D:8      | Found a blossoming altar of Fedhas.
  4890 | D:8      | Reached skill level 9 in Shields
  4965 | D:8      | Found a shimmering altar of Xom.
  5871 | D:9      | Noticed a two-headed ogre
  5881 | D:9      | Killed a two-headed ogre
  5881 | D:9      | Reached XP level 10. HP: 67/91 MP: 8/8
  5888 | D:9      | Found a glowing silver altar of Zin.
  5888 | D:9      | Found a shadowy altar of Dithmenos.
  5889 | D:9      | Found a hazy altar of Hepliaklqana.
  5905 | D:9      | Found a stormy altar of Qazlal.
  6093 | D:8      | Got a twisted glaive
  6169 | D:9      | Noticed dinky's ghost (novice VSVM)
  6170 | D:9      | Found a transporter.
  6174 | D:9      | Found a transporter.
  6224 | D:9      | Reached skill level 10 in Shields
  6400 | D:9      | Found an ornate altar of the Wu Jian Council.
  6491 | D:9      | Paralysed by a floating eye for 3 turns
  6497 | D:9      | Paralysed by a floating eye for 2 turns
  6500 | D:9      | Paralysed by a floating eye for 3 turns
  6503 | D:9      | Reached *** piety under Makhleb
  6511 | D:9      | Noticed a two-headed ogre
  6556 | D:9      | Killed a two-headed ogre
  6570 | D:9      | Reached skill level 11 in Shields
  6589 | D:10     | Entered Level 10 of the Dungeon
  6801 | D:10     | Found a staircase to the Orcish Mines.
  6836 | D:10     | Reached XP level 11. HP: 74/99 MP: 8/8
  7334 | D:11     | Paralysed by a hornet for 1 turns
  7357 | D:11     | Found a frozen archway.
  7367 | D:11     | Reached **** piety under Makhleb
  7439 | IceCv    | Entered an ice cave
  7448 | IceCv    | HP: 3/100 [swamp dragon simulacrum (22)]
  7448 | IceCv    | HP: 1/100 [swamp dragon simulacrum (2)]
  7448 | IceCv    | Mangled by a swamp dragon simulacrum

Illustrated notes

Levels and vault maps discovered:
D:1:      dpeg_arrival_solitude, layout_basic
D:2:      layout_loops_ring
D:3:      layout_basic, corexii_corridor_pit
D:4:      layout_basic, minitemple, serial_corexii_hall, corexii_hall_statues_t,
          chequers_hall_statues_y, chequers_hall_statues_y,
          corexii_hall_statues_x
D:5:      layout_basic, cheibriados_altar_1, lemuel_coloured_pillars_altar,
          kennysheep_mini, serial_shops, shop, okawaru_trees_1, uniq_eustachio,
          uniq_pikel, uniq_grinder
D:6:      layout_basic
D:7:      layout_rooms, temple_hall, gammafunk_ghost_wrathful_warriors
D:8:      layout_basic, xom_butterflies, dk_noncrumbling_2, fedhas_altar_1
D:9:      layout_roguey, nicolae_overflow_crystal_walls,
          nicolae_overflow_quartered_altars, gammafunk_ghost_hive,
          onia_ninara_cookie
D:10:     layout_irregular_city, minmay_orc_entry_guard_dogs
D:11:     layout_loops_cross, dpeg_lair_monsters, special_room
          [special_room_bee], serial_ice, serial_ice_e, serial_ice_h,
          serial_ice_g, serial_ice_d, portal_ice_cave_entry_imps, basic_altar
IceCv:    ice_cave_small_necro

Skill      XL: |  1  2  3  4  5  6  7  8  9 10 11 |
---------------+----------------------------------+-----
Fighting       | 3 4 5 6 7 |  7.1
Shields        | 4 5 7 8 9 11 | 11.4
Axes           | 3 4 5 6 7 8 |  8.1
Armour         | 4 5 6 7 8 |  8.6
Dodging        | 1 2 3 4 6 7 |  7.5

Action                   |  1- 3 |  4- 6 |  7- 9 | 10-12 || total
-------------------------+-------+-------+-------+-------++-------
Melee: War axe           |   104 |   262 |   349 |   296 ||  1011
 Abil: Heal Wounds       |       |     3 |     6 |     6 ||    15
  Use: Scroll            |       |     9 |    13 |       ||    22
Armor: Scale mail        |    43 |   144 |    73 |    71 ||   331
Dodge: Dodged            |    23 |    56 |    72 |    97 ||   248
Block: Kite shield       |    41 |       |       |       ||    41
       Tower shield      |    32 |   246 |   352 |   346 ||   976

Table legend: (Time is in decaauts)
 A = Elapsed time spent in this place.
 B = Non-inter-level travel time spent in this place.
 C = Inter-level travel time spent in this place.
 D = Time resting spent in this place.
 E = Time spent auto-exploring this place.
 F = Levels seen in this place.
 G = Mean time per level.
                   A        B        C        D        E       F      G
               +--------+--------+--------+--------+--------+-----+--------+
         Total |   7811 |   7453 |    358 |      0 |   5410 |  12 |  650.9 |
       Dungeon |   7800 |   7442 |    358 |      0 |   5410 |  11 |  709.1 |
      Ice Cave |     10 |     10 |      0 |      0 |      0 |   1 |   10.0 |
               +--------+--------+--------+--------+--------+-----+--------+

Top non-repeatable levels by time:
     D:8: 1047 daAuts
     D:5: 893 daAuts
     D:1: 864 daAuts
     D:4: 861 daAuts
     D:9: 825 daAuts
    D:10: 746 daAuts
     D:6: 709 daAuts
     D:2: 696 daAuts
     D:3: 634 daAuts
     D:7: 393 daAuts
    D:11: 129 daAuts
   IceCv: 10 daAuts
